Workbook
Name Categories: 'Categories'!$A$5:$A$19

Sheet Summary
A1: Monthly budget with charts
A2: Excel template · Monthly budget · US dollar ($)
A4: Income this year | B4: Expenses this year | C4: Saved this year | D4: Savings rate
A5: =B20 -> 0 | B5: =C20 -> 0 | C5: =D20 -> 0 | D5: =IF(A5>0,C5/A5,0) -> 0
A7: Month | B7: Income | C7: Expenses | D7: Balance | E7: Running total
A8: January | B8: ='January'!$C$8 -> 0 | C8: ='January'!$C$23 -> 0 | D8: =B8-C8 -> 0 | E8: =SUM($D$8:D8) -> 0
A9: February | B9: ='February'!$C$8 -> 0 | C9: ='February'!$C$23 -> 0 | D9: =B9-C9 -> 0 | E9: =SUM($D$8:D9) -> 0
A10: March | B10: ='March'!$C$8 -> 0 | C10: ='March'!$C$23 -> 0 | D10: =B10-C10 -> 0 | E10: =SUM($D$8:D10) -> 0
A11: April | B11: ='April'!$C$8 -> 0 | C11: ='April'!$C$23 -> 0 | D11: =B11-C11 -> 0 | E11: =SUM($D$8:D11) -> 0
A12: May | B12: ='May'!$C$8 -> 0 | C12: ='May'!$C$23 -> 0 | D12: =B12-C12 -> 0 | E12: =SUM($D$8:D12) -> 0
A13: June | B13: ='June'!$C$8 -> 0 | C13: ='June'!$C$23 -> 0 | D13: =B13-C13 -> 0 | E13: =SUM($D$8:D13) -> 0
A14: July | B14: ='July'!$C$8 -> 0 | C14: ='July'!$C$23 -> 0 | D14: =B14-C14 -> 0 | E14: =SUM($D$8:D14) -> 0
A15: August | B15: ='August'!$C$8 -> 0 | C15: ='August'!$C$23 -> 0 | D15: =B15-C15 -> 0 | E15: =SUM($D$8:D15) -> 0
A16: September | B16: ='September'!$C$8 -> 0 | C16: ='September'!$C$23 -> 0 | D16: =B16-C16 -> 0 | E16: =SUM($D$8:D16) -> 0
A17: October | B17: ='October'!$C$8 -> 0 | C17: ='October'!$C$23 -> 0 | D17: =B17-C17 -> 0 | E17: =SUM($D$8:D17) -> 0
A18: November | B18: ='November'!$C$8 -> 0 | C18: ='November'!$C$23 -> 0 | D18: =B18-C18 -> 0 | E18: =SUM($D$8:D18) -> 0
A19: December | B19: ='December'!$C$8 -> 0 | C19: ='December'!$C$23 -> 0 | D19: =B19-C19 -> 0 | E19: =SUM($D$8:D19) -> 0
A20: Total | B20: =SUM($B$8:$B$19) -> 0 | C20: =SUM($C$8:$C$19) -> 0 | D20: =SUM($D$8:$D$19) -> 0
A22: Expense category | B22: Planned | C22: Actual | D22: Difference | E22: % of spending
A23: =IF('Categories'!$A$8="","",'Categories'!$A$8) -> Housing | B23: ='January'!$B$11+'February'!$B$11+'March'!$B$11+'April'!$B$11+'May'!$B$11+'June'!$B$11+'July'!$B$11+'August'!$B$11+'September'!$B$11+'October'!$B$11+'November'!$B$11+'December'!$B$11 -> 0 | C23: ='January'!$C$11+'February'!$C$11+'March'!$C$11+'April'!$C$11+'May'!$C$11+'June'!$C$11+'July'!$C$11+'August'!$C$11+'September'!$C$11+'October'!$C$11+'November'!$C$11+'December'!$C$11 -> 0 | D23: =B23-C23 -> 0 | E23: =IF($C$35>0,C23/$C$35,0) -> 0
A24: =IF('Categories'!$A$9="","",'Categories'!$A$9) -> Utilities and internet | B24: ='January'!$B$12+'February'!$B$12+'March'!$B$12+'April'!$B$12+'May'!$B$12+'June'!$B$12+'July'!$B$12+'August'!$B$12+'September'!$B$12+'October'!$B$12+'November'!$B$12+'December'!$B$12 -> 0 | C24: ='January'!$C$12+'February'!$C$12+'March'!$C$12+'April'!$C$12+'May'!$C$12+'June'!$C$12+'July'!$C$12+'August'!$C$12+'September'!$C$12+'October'!$C$12+'November'!$C$12+'December'!$C$12 -> 0 | D24: =B24-C24 -> 0 | E24: =IF($C$35>0,C24/$C$35,0) -> 0
A25: =IF('Categories'!$A$10="","",'Categories'!$A$10) -> Groceries | B25: ='January'!$B$13+'February'!$B$13+'March'!$B$13+'April'!$B$13+'May'!$B$13+'June'!$B$13+'July'!$B$13+'August'!$B$13+'September'!$B$13+'October'!$B$13+'November'!$B$13+'December'!$B$13 -> 0 | C25: ='January'!$C$13+'February'!$C$13+'March'!$C$13+'April'!$C$13+'May'!$C$13+'June'!$C$13+'July'!$C$13+'August'!$C$13+'September'!$C$13+'October'!$C$13+'November'!$C$13+'December'!$C$13 -> 0 | D25: =B25-C25 -> 0 | E25: =IF($C$35>0,C25/$C$35,0) -> 0
A26: =IF('Categories'!$A$11="","",'Categories'!$A$11) -> Transport | B26: ='January'!$B$14+'February'!$B$14+'March'!$B$14+'April'!$B$14+'May'!$B$14+'June'!$B$14+'July'!$B$14+'August'!$B$14+'September'!$B$14+'October'!$B$14+'November'!$B$14+'December'!$B$14 -> 0 | C26: ='January'!$C$14+'February'!$C$14+'March'!$C$14+'April'!$C$14+'May'!$C$14+'June'!$C$14+'July'!$C$14+'August'!$C$14+'September'!$C$14+'October'!$C$14+'November'!$C$14+'December'!$C$14 -> 0 | D26: =B26-C26 -> 0 | E26: =IF($C$35>0,C26/$C$35,0) -> 0
A27: =IF('Categories'!$A$12="","",'Categories'!$A$12) -> Health | B27: ='January'!$B$15+'February'!$B$15+'March'!$B$15+'April'!$B$15+'May'!$B$15+'June'!$B$15+'July'!$B$15+'August'!$B$15+'September'!$B$15+'October'!$B$15+'November'!$B$15+'December'!$B$15 -> 0 | C27: ='January'!$C$15+'February'!$C$15+'March'!$C$15+'April'!$C$15+'May'!$C$15+'June'!$C$15+'July'!$C$15+'August'!$C$15+'September'!$C$15+'October'!$C$15+'November'!$C$15+'December'!$C$15 -> 0 | D27: =B27-C27 -> 0 | E27: =IF($C$35>0,C27/$C$35,0) -> 0
A28: =IF('Categories'!$A$13="","",'Categories'!$A$13) -> Insurance | B28: ='January'!$B$16+'February'!$B$16+'March'!$B$16+'April'!$B$16+'May'!$B$16+'June'!$B$16+'July'!$B$16+'August'!$B$16+'September'!$B$16+'October'!$B$16+'November'!$B$16+'December'!$B$16 -> 0 | C28: ='January'!$C$16+'February'!$C$16+'March'!$C$16+'April'!$C$16+'May'!$C$16+'June'!$C$16+'July'!$C$16+'August'!$C$16+'September'!$C$16+'October'!$C$16+'November'!$C$16+'December'!$C$16 -> 0 | D28: =B28-C28 -> 0 | E28: =IF($C$35>0,C28/$C$35,0) -> 0
A29: =IF('Categories'!$A$14="","",'Categories'!$A$14) -> Education | B29: ='January'!$B$17+'February'!$B$17+'March'!$B$17+'April'!$B$17+'May'!$B$17+'June'!$B$17+'July'!$B$17+'August'!$B$17+'September'!$B$17+'October'!$B$17+'November'!$B$17+'December'!$B$17 -> 0 | C29: ='January'!$C$17+'February'!$C$17+'March'!$C$17+'April'!$C$17+'May'!$C$17+'June'!$C$17+'July'!$C$17+'August'!$C$17+'September'!$C$17+'October'!$C$17+'November'!$C$17+'December'!$C$17 -> 0 | D29: =B29-C29 -> 0 | E29: =IF($C$35>0,C29/$C$35,0) -> 0
A30: =IF('Categories'!$A$15="","",'Categories'!$A$15) -> Eating out and fun | B30: ='January'!$B$18+'February'!$B$18+'March'!$B$18+'April'!$B$18+'May'!$B$18+'June'!$B$18+'July'!$B$18+'August'!$B$18+'September'!$B$18+'October'!$B$18+'November'!$B$18+'December'!$B$18 -> 0 | C30: ='January'!$C$18+'February'!$C$18+'March'!$C$18+'April'!$C$18+'May'!$C$18+'June'!$C$18+'July'!$C$18+'August'!$C$18+'September'!$C$18+'October'!$C$18+'November'!$C$18+'December'!$C$18 -> 0 | D30: =B30-C30 -> 0 | E30: =IF($C$35>0,C30/$C$35,0) -> 0
A31: =IF('Categories'!$A$16="","",'Categories'!$A$16) -> Clothing | B31: ='January'!$B$19+'February'!$B$19+'March'!$B$19+'April'!$B$19+'May'!$B$19+'June'!$B$19+'July'!$B$19+'August'!$B$19+'September'!$B$19+'October'!$B$19+'November'!$B$19+'December'!$B$19 -> 0 | C31: ='January'!$C$19+'February'!$C$19+'March'!$C$19+'April'!$C$19+'May'!$C$19+'June'!$C$19+'July'!$C$19+'August'!$C$19+'September'!$C$19+'October'!$C$19+'November'!$C$19+'December'!$C$19 -> 0 | D31: =B31-C31 -> 0 | E31: =IF($C$35>0,C31/$C$35,0) -> 0
A32: =IF('Categories'!$A$17="","",'Categories'!$A$17) -> Debt payments | B32: ='January'!$B$20+'February'!$B$20+'March'!$B$20+'April'!$B$20+'May'!$B$20+'June'!$B$20+'July'!$B$20+'August'!$B$20+'September'!$B$20+'October'!$B$20+'November'!$B$20+'December'!$B$20 -> 0 | C32: ='January'!$C$20+'February'!$C$20+'March'!$C$20+'April'!$C$20+'May'!$C$20+'June'!$C$20+'July'!$C$20+'August'!$C$20+'September'!$C$20+'October'!$C$20+'November'!$C$20+'December'!$C$20 -> 0 | D32: =B32-C32 -> 0 | E32: =IF($C$35>0,C32/$C$35,0) -> 0
A33: =IF('Categories'!$A$18="","",'Categories'!$A$18) -> Savings | B33: ='January'!$B$21+'February'!$B$21+'March'!$B$21+'April'!$B$21+'May'!$B$21+'June'!$B$21+'July'!$B$21+'August'!$B$21+'September'!$B$21+'October'!$B$21+'November'!$B$21+'December'!$B$21 -> 0 | C33: ='January'!$C$21+'February'!$C$21+'March'!$C$21+'April'!$C$21+'May'!$C$21+'June'!$C$21+'July'!$C$21+'August'!$C$21+'September'!$C$21+'October'!$C$21+'November'!$C$21+'December'!$C$21 -> 0 | D33: =B33-C33 -> 0 | E33: =IF($C$35>0,C33/$C$35,0) -> 0
A34: =IF('Categories'!$A$19="","",'Categories'!$A$19) -> Other | B34: ='January'!$B$22+'February'!$B$22+'March'!$B$22+'April'!$B$22+'May'!$B$22+'June'!$B$22+'July'!$B$22+'August'!$B$22+'September'!$B$22+'October'!$B$22+'November'!$B$22+'December'!$B$22 -> 0 | C34: ='January'!$C$22+'February'!$C$22+'March'!$C$22+'April'!$C$22+'May'!$C$22+'June'!$C$22+'July'!$C$22+'August'!$C$22+'September'!$C$22+'October'!$C$22+'November'!$C$22+'December'!$C$22 -> 0 | D34: =B34-C34 -> 0 | E34: =IF($C$35>0,C34/$C$35,0) -> 0
A35: Total | B35: =SUM($B$23:$B$34) -> 0 | C35: =SUM($C$23:$C$34) -> 0 | D35: =SUM($D$23:$D$34) -> 0 | E35: =SUM($E$23:$E$34) -> 0

Sheet Categories
A1: Categories and monthly budget
A2: Excel template · Monthly budget · US dollar ($)
A4: Category | B4: Type | C4: Planned per month
A5: Salary | B5: Income
A6: Side income | B6: Income
A7: Other income | B7: Income
A8: Housing | B8: Expense
A9: Utilities and internet | B9: Expense
A10: Groceries | B10: Expense
A11: Transport | B11: Expense
A12: Health | B12: Expense
A13: Insurance | B13: Expense
A14: Education | B14: Expense
A15: Eating out and fun | B15: Expense
A16: Clothing | B16: Expense
... A19: Other | B19: Expense
A21: Planned income | C21: =SUM($C$5:$C$7) -> 0
A22: Planned expenses | C22: =SUM($C$8:$C$19) -> 0
A23: Planned balance | C23: =C21-C22 -> 0

Sheet January
A1: January
A2: Excel template · Monthly budget · US dollar ($)
A4: Income | B4: Planned | C4: Actual | D4: Difference | F4: Date | G4: Description | H4: Category | I4: Amount
A5: =IF('Categories'!$A$5="","",'Categories'!$A$5) -> Salary | B5: ='Categories'!$C$5 -> 0 | C5: =IF($A5="",0,SUMIFS($I$5:$I$154,$H$5:$H$154,$A5)) -> 0 | D5: =C5-B5 -> 0
A6: =IF('Categories'!$A$6="","",'Categories'!$A$6) -> Side income | B6: ='Categories'!$C$6 -> 0 | C6: =IF($A6="",0,SUMIFS($I$5:$I$154,$H$5:$H$154,$A6)) -> 0 | D6: =C6-B6 -> 0
A7: =IF('Categories'!$A$7="","",'Categories'!$A$7) -> Other income | B7: ='Categories'!$C$7 -> 0 | C7: =IF($A7="",0,SUMIFS($I$5:$I$154,$H$5:$H$154,$A7)) -> 0 | D7: =C7-B7 -> 0
A8: Total income | B8: =SUM($B$5:$B$7) -> 0 | C8: =SUM($C$5:$C$7) -> 0 | D8: =SUM($D$5:$D$7) -> 0
A10: Expenses | B10: Planned | C10: Actual | D10: Difference
A11: =IF('Categories'!$A$8="","",'Categories'!$A$8) -> Housing | B11: ='Categories'!$C$8 -> 0 | C11: =IF($A11="",0,SUMIFS($I$5:$I$154,$H$5:$H$154,$A11)) -> 0 | D11: =B11-C11 -> 0
A12: =IF('Categories'!$A$9="","",'Categories'!$A$9) -> Utilities and internet | B12: ='Categories'!$C$9 -> 0 | C12: =IF($A12="",0,SUMIFS($I$5:$I$154,$H$5:$H$154,$A12)) -> 0 | D12: =B12-C12 -> 0
A13: =IF('Categories'!$A$10="","",'Categories'!$A$10) -> Groceries | B13: ='Categories'!$C$10 -> 0 | C13: =IF($A13="",0,SUMIFS($I$5:$I$154,$H$5:$H$154,$A13)) -> 0 | D13: =B13-C13 -> 0
A14: =IF('Categories'!$A$11="","",'Categories'!$A$11) -> Transport | B14: ='Categories'!$C$11 -> 0 | C14: =IF($A14="",0,SUMIFS($I$5:$I$154,$H$5:$H$154,$A14)) -> 0 | D14: =B14-C14 -> 0
A15: =IF('Categories'!$A$12="","",'Categories'!$A$12) -> Health | B15: ='Categories'!$C$12 -> 0 | C15: =IF($A15="",0,SUMIFS($I$5:$I$154,$H$5:$H$154,$A15)) -> 0 | D15: =B15-C15 -> 0
A16: =IF('Categories'!$A$13="","",'Categories'!$A$13) -> Insurance | B16: ='Categories'!$C$13 -> 0 | C16: =IF($A16="",0,SUMIFS($I$5:$I$154,$H$5:$H$154,$A16)) -> 0 | D16: =B16-C16 -> 0
A17: =IF('Categories'!$A$14="","",'Categories'!$A$14) -> Education | B17: ='Categories'!$C$14 -> 0 | C17: =IF($A17="",0,SUMIFS($I$5:$I$154,$H$5:$H$154,$A17)) -> 0 | D17: =B17-C17 -> 0
A18: =IF('Categories'!$A$15="","",'Categories'!$A$15) -> Eating out and fun | B18: ='Categories'!$C$15 -> 0 | C18: =IF($A18="",0,SUMIFS($I$5:$I$154,$H$5:$H$154,$A18)) -> 0 | D18: =B18-C18 -> 0
A19: =IF('Categories'!$A$16="","",'Categories'!$A$16) -> Clothing | B19: ='Categories'!$C$16 -> 0 | C19: =IF($A19="",0,SUMIFS($I$5:$I$154,$H$5:$H$154,$A19)) -> 0 | D19: =B19-C19 -> 0
A20: =IF('Categories'!$A$17="","",'Categories'!$A$17) -> Debt payments | B20: ='Categories'!$C$17 -> 0 | C20: =IF($A20="",0,SUMIFS($I$5:$I$154,$H$5:$H$154,$A20)) -> 0 | D20: =B20-C20 -> 0
A21: =IF('Categories'!$A$18="","",'Categories'!$A$18) -> Savings | B21: ='Categories'!$C$18 -> 0 | C21: =IF($A21="",0,SUMIFS($I$5:$I$154,$H$5:$H$154,$A21)) -> 0 | D21: =B21-C21 -> 0
A22: =IF('Categories'!$A$19="","",'Categories'!$A$19) -> Other | B22: ='Categories'!$C$19 -> 0 | C22: =IF($A22="",0,SUMIFS($I$5:$I$154,$H$5:$H$154,$A22)) -> 0 | D22: =B22-C22 -> 0
A23: Total expenses | B23: =SUM($B$11:$B$22) -> 0 | C23: =SUM($C$11:$C$22) -> 0 | D23: =SUM($D$11:$D$22) -> 0
A25: Balance | B25: =B8-B23 -> 0 | C25: =C8-C23 -> 0

Sheet February
A1: February
A2: Excel template · Monthly budget · US dollar ($)
A4: Income | B4: Planned | C4: Actual | D4: Difference | F4: Date | G4: Description | H4: Category | I4: Amount
A5: =IF('Categories'!$A$5="","",'Categories'!$A$5) -> Salary | B5: ='Categories'!$C$5 -> 0 | C5: =IF($A5="",0,SUMIFS($I$5:$I$154,$H$5:$H$154,$A5)) -> 0 | D5: =C5-B5 -> 0
A6: =IF('Categories'!$A$6="","",'Categories'!$A$6) -> Side income | B6: ='Categories'!$C$6 -> 0 | C6: =IF($A6="",0,SUMIFS($I$5:$I$154,$H$5:$H$154,$A6)) -> 0 | D6: =C6-B6 -> 0
A7: =IF('Categories'!$A$7="","",'Categories'!$A$7) -> Other income | B7: ='Categories'!$C$7 -> 0 | C7: =IF($A7="",0,SUMIFS($I$5:$I$154,$H$5:$H$154,$A7)) -> 0 | D7: =C7-B7 -> 0
A8: Total income | B8: =SUM($B$5:$B$7) -> 0 | C8: =SUM($C$5:$C$7) -> 0 | D8: =SUM($D$5:$D$7) -> 0
A10: Expenses | B10: Planned | C10: Actual | D10: Difference
A11: =IF('Categories'!$A$8="","",'Categories'!$A$8) -> Housing | B11: ='Categories'!$C$8 -> 0 | C11: =IF($A11="",0,SUMIFS($I$5:$I$154,$H$5:$H$154,$A11)) -> 0 | D11: =B11-C11 -> 0
A12: =IF('Categories'!$A$9="","",'Categories'!$A$9) -> Utilities and internet | B12: ='Categories'!$C$9 -> 0 | C12: =IF($A12="",0,SUMIFS($I$5:$I$154,$H$5:$H$154,$A12)) -> 0 | D12: =B12-C12 -> 0
A13: =IF('Categories'!$A$10="","",'Categories'!$A$10) -> Groceries | B13: ='Categories'!$C$10 -> 0 | C13: =IF($A13="",0,SUMIFS($I$5:$I$154,$H$5:$H$154,$A13)) -> 0 | D13: =B13-C13 -> 0
A14: =IF('Categories'!$A$11="","",'Categories'!$A$11) -> Transport | B14: ='Categories'!$C$11 -> 0 | C14: =IF($A14="",0,SUMIFS($I$5:$I$154,$H$5:$H$154,$A14)) -> 0 | D14: =B14-C14 -> 0
A15: =IF('Categories'!$A$12="","",'Categories'!$A$12) -> Health | B15: ='Categories'!$C$12 -> 0 | C15: =IF($A15="",0,SUMIFS($I$5:$I$154,$H$5:$H$154,$A15)) -> 0 | D15: =B15-C15 -> 0
A16: =IF('Categories'!$A$13="","",'Categories'!$A$13) -> Insurance | B16: ='Categories'!$C$13 -> 0 | C16: =IF($A16="",0,SUMIFS($I$5:$I$154,$H$5:$H$154,$A16)) -> 0 | D16: =B16-C16 -> 0
A17: =IF('Categories'!$A$14="","",'Categories'!$A$14) -> Education | B17: ='Categories'!$C$14 -> 0 | C17: =IF($A17="",0,SUMIFS($I$5:$I$154,$H$5:$H$154,$A17)) -> 0 | D17: =B17-C17 -> 0
A18: =IF('Categories'!$A$15="","",'Categories'!$A$15) -> Eating out and fun | B18: ='Categories'!$C$15 -> 0 | C18: =IF($A18="",0,SUMIFS($I$5:$I$154,$H$5:$H$154,$A18)) -> 0 | D18: =B18-C18 -> 0
A19: =IF('Categories'!$A$16="","",'Categories'!$A$16) -> Clothing | B19: ='Categories'!$C$16 -> 0 | C19: =IF($A19="",0,SUMIFS($I$5:$I$154,$H$5:$H$154,$A19)) -> 0 | D19: =B19-C19 -> 0
A20: =IF('Categories'!$A$17="","",'Categories'!$A$17) -> Debt payments | B20: ='Categories'!$C$17 -> 0 | C20: =IF($A20="",0,SUMIFS($I$5:$I$154,$H$5:$H$154,$A20)) -> 0 | D20: =B20-C20 -> 0
A21: =IF('Categories'!$A$18="","",'Categories'!$A$18) -> Savings | B21: ='Categories'!$C$18 -> 0 | C21: =IF($A21="",0,SUMIFS($I$5:$I$154,$H$5:$H$154,$A21)) -> 0 | D21: =B21-C21 -> 0
A22: =IF('Categories'!$A$19="","",'Categories'!$A$19) -> Other | B22: ='Categories'!$C$19 -> 0 | C22: =IF($A22="",0,SUMIFS($I$5:$I$154,$H$5:$H$154,$A22)) -> 0 | D22: =B22-C22 -> 0
A23: Total expenses | B23: =SUM($B$11:$B$22) -> 0 | C23: =SUM($C$11:$C$22) -> 0 | D23: =SUM($D$11:$D$22) -> 0
A25: Balance | B25: =B8-B23 -> 0 | C25: =C8-C23 -> 0

Sheet March
A1: March
A2: Excel template · Monthly budget · US dollar ($)
A4: Income | B4: Planned | C4: Actual | D4: Difference | F4: Date | G4: Description | H4: Category | I4: Amount
A5: =IF('Categories'!$A$5="","",'Categories'!$A$5) -> Salary | B5: ='Categories'!$C$5 -> 0 | C5: =IF($A5="",0,SUMIFS($I$5:$I$154,$H$5:$H$154,$A5)) -> 0 | D5: =C5-B5 -> 0
A6: =IF('Categories'!$A$6="","",'Categories'!$A$6) -> Side income | B6: ='Categories'!$C$6 -> 0 | C6: =IF($A6="",0,SUMIFS($I$5:$I$154,$H$5:$H$154,$A6)) -> 0 | D6: =C6-B6 -> 0
A7: =IF('Categories'!$A$7="","",'Categories'!$A$7) -> Other income | B7: ='Categories'!$C$7 -> 0 | C7: =IF($A7="",0,SUMIFS($I$5:$I$154,$H$5:$H$154,$A7)) -> 0 | D7: =C7-B7 -> 0
A8: Total income | B8: =SUM($B$5:$B$7) -> 0 | C8: =SUM($C$5:$C$7) -> 0 | D8: =SUM($D$5:$D$7) -> 0
A10: Expenses | B10: Planned | C10: Actual | D10: Difference
A11: =IF('Categories'!$A$8="","",'Categories'!$A$8) -> Housing | B11: ='Categories'!$C$8 -> 0 | C11: =IF($A11="",0,SUMIFS($I$5:$I$154,$H$5:$H$154,$A11)) -> 0 | D11: =B11-C11 -> 0
A12: =IF('Categories'!$A$9="","",'Categories'!$A$9) -> Utilities and internet | B12: ='Categories'!$C$9 -> 0 | C12: =IF($A12="",0,SUMIFS($I$5:$I$154,$H$5:$H$154,$A12)) -> 0 | D12: =B12-C12 -> 0
A13: =IF('Categories'!$A$10="","",'Categories'!$A$10) -> Groceries | B13: ='Categories'!$C$10 -> 0 | C13: =IF($A13="",0,SUMIFS($I$5:$I$154,$H$5:$H$154,$A13)) -> 0 | D13: =B13-C13 -> 0
A14: =IF('Categories'!$A$11="","",'Categories'!$A$11) -> Transport | B14: ='Categories'!$C$11 -> 0 | C14: =IF($A14="",0,SUMIFS($I$5:$I$154,$H$5:$H$154,$A14)) -> 0 | D14: =B14-C14 -> 0
A15: =IF('Categories'!$A$12="","",'Categories'!$A$12) -> Health | B15: ='Categories'!$C$12 -> 0 | C15: =IF($A15="",0,SUMIFS($I$5:$I$154,$H$5:$H$154,$A15)) -> 0 | D15: =B15-C15 -> 0
A16: =IF('Categories'!$A$13="","",'Categories'!$A$13) -> Insurance | B16: ='Categories'!$C$13 -> 0 | C16: =IF($A16="",0,SUMIFS($I$5:$I$154,$H$5:$H$154,$A16)) -> 0 | D16: =B16-C16 -> 0
A17: =IF('Categories'!$A$14="","",'Categories'!$A$14) -> Education | B17: ='Categories'!$C$14 -> 0 | C17: =IF($A17="",0,SUMIFS($I$5:$I$154,$H$5:$H$154,$A17)) -> 0 | D17: =B17-C17 -> 0
A18: =IF('Categories'!$A$15="","",'Categories'!$A$15) -> Eating out and fun | B18: ='Categories'!$C$15 -> 0 | C18: =IF($A18="",0,SUMIFS($I$5:$I$154,$H$5:$H$154,$A18)) -> 0 | D18: =B18-C18 -> 0
A19: =IF('Categories'!$A$16="","",'Categories'!$A$16) -> Clothing | B19: ='Categories'!$C$16 -> 0 | C19: =IF($A19="",0,SUMIFS($I$5:$I$154,$H$5:$H$154,$A19)) -> 0 | D19: =B19-C19 -> 0
A20: =IF('Categories'!$A$17="","",'Categories'!$A$17) -> Debt payments | B20: ='Categories'!$C$17 -> 0 | C20: =IF($A20="",0,SUMIFS($I$5:$I$154,$H$5:$H$154,$A20)) -> 0 | D20: =B20-C20 -> 0
A21: =IF('Categories'!$A$18="","",'Categories'!$A$18) -> Savings | B21: ='Categories'!$C$18 -> 0 | C21: =IF($A21="",0,SUMIFS($I$5:$I$154,$H$5:$H$154,$A21)) -> 0 | D21: =B21-C21 -> 0
A22: =IF('Categories'!$A$19="","",'Categories'!$A$19) -> Other | B22: ='Categories'!$C$19 -> 0 | C22: =IF($A22="",0,SUMIFS($I$5:$I$154,$H$5:$H$154,$A22)) -> 0 | D22: =B22-C22 -> 0
A23: Total expenses | B23: =SUM($B$11:$B$22) -> 0 | C23: =SUM($C$11:$C$22) -> 0 | D23: =SUM($D$11:$D$22) -> 0
A25: Balance | B25: =B8-B23 -> 0 | C25: =C8-C23 -> 0

Sheet April
A1: April
A2: Excel template · Monthly budget · US dollar ($)
A4: Income | B4: Planned | C4: Actual | D4: Difference | F4: Date | G4: Description | H4: Category | I4: Amount
A5: =IF('Categories'!$A$5="","",'Categories'!$A$5) -> Salary | B5: ='Categories'!$C$5 -> 0 | C5: =IF($A5="",0,SUMIFS($I$5:$I$154,$H$5:$H$154,$A5)) -> 0 | D5: =C5-B5 -> 0
A6: =IF('Categories'!$A$6="","",'Categories'!$A$6) -> Side income | B6: ='Categories'!$C$6 -> 0 | C6: =IF($A6="",0,SUMIFS($I$5:$I$154,$H$5:$H$154,$A6)) -> 0 | D6: =C6-B6 -> 0
A7: =IF('Categories'!$A$7="","",'Categories'!$A$7) -> Other income | B7: ='Categories'!$C$7 -> 0 | C7: =IF($A7="",0,SUMIFS($I$5:$I$154,$H$5:$H$154,$A7)) -> 0 | D7: =C7-B7 -> 0
A8: Total income | B8: =SUM($B$5:$B$7) -> 0 | C8: =SUM($C$5:$C$7) -> 0 | D8: =SUM($D$5:$D$7) -> 0
A10: Expenses | B10: Planned | C10: Actual | D10: Difference
A11: =IF('Categories'!$A$8="","",'Categories'!$A$8) -> Housing | B11: ='Categories'!$C$8 -> 0 | C11: =IF($A11="",0,SUMIFS($I$5:$I$154,$H$5:$H$154,$A11)) -> 0 | D11: =B11-C11 -> 0
A12: =IF('Categories'!$A$9="","",'Categories'!$A$9) -> Utilities and internet | B12: ='Categories'!$C$9 -> 0 | C12: =IF($A12="",0,SUMIFS($I$5:$I$154,$H$5:$H$154,$A12)) -> 0 | D12: =B12-C12 -> 0
A13: =IF('Categories'!$A$10="","",'Categories'!$A$10) -> Groceries | B13: ='Categories'!$C$10 -> 0 | C13: =IF($A13="",0,SUMIFS($I$5:$I$154,$H$5:$H$154,$A13)) -> 0 | D13: =B13-C13 -> 0
A14: =IF('Categories'!$A$11="","",'Categories'!$A$11) -> Transport | B14: ='Categories'!$C$11 -> 0 | C14: =IF($A14="",0,SUMIFS($I$5:$I$154,$H$5:$H$154,$A14)) -> 0 | D14: =B14-C14 -> 0
A15: =IF('Categories'!$A$12="","",'Categories'!$A$12) -> Health | B15: ='Categories'!$C$12 -> 0 | C15: =IF($A15="",0,SUMIFS($I$5:$I$154,$H$5:$H$154,$A15)) -> 0 | D15: =B15-C15 -> 0
A16: =IF('Categories'!$A$13="","",'Categories'!$A$13) -> Insurance | B16: ='Categories'!$C$13 -> 0 | C16: =IF($A16="",0,SUMIFS($I$5:$I$154,$H$5:$H$154,$A16)) -> 0 | D16: =B16-C16 -> 0
A17: =IF('Categories'!$A$14="","",'Categories'!$A$14) -> Education | B17: ='Categories'!$C$14 -> 0 | C17: =IF($A17="",0,SUMIFS($I$5:$I$154,$H$5:$H$154,$A17)) -> 0 | D17: =B17-C17 -> 0
A18: =IF('Categories'!$A$15="","",'Categories'!$A$15) -> Eating out and fun | B18: ='Categories'!$C$15 -> 0 | C18: =IF($A18="",0,SUMIFS($I$5:$I$154,$H$5:$H$154,$A18)) -> 0 | D18: =B18-C18 -> 0
A19: =IF('Categories'!$A$16="","",'Categories'!$A$16) -> Clothing | B19: ='Categories'!$C$16 -> 0 | C19: =IF($A19="",0,SUMIFS($I$5:$I$154,$H$5:$H$154,$A19)) -> 0 | D19: =B19-C19 -> 0
A20: =IF('Categories'!$A$17="","",'Categories'!$A$17) -> Debt payments | B20: ='Categories'!$C$17 -> 0 | C20: =IF($A20="",0,SUMIFS($I$5:$I$154,$H$5:$H$154,$A20)) -> 0 | D20: =B20-C20 -> 0
A21: =IF('Categories'!$A$18="","",'Categories'!$A$18) -> Savings | B21: ='Categories'!$C$18 -> 0 | C21: =IF($A21="",0,SUMIFS($I$5:$I$154,$H$5:$H$154,$A21)) -> 0 | D21: =B21-C21 -> 0
A22: =IF('Categories'!$A$19="","",'Categories'!$A$19) -> Other | B22: ='Categories'!$C$19 -> 0 | C22: =IF($A22="",0,SUMIFS($I$5:$I$154,$H$5:$H$154,$A22)) -> 0 | D22: =B22-C22 -> 0
A23: Total expenses | B23: =SUM($B$11:$B$22) -> 0 | C23: =SUM($C$11:$C$22) -> 0 | D23: =SUM($D$11:$D$22) -> 0
A25: Balance | B25: =B8-B23 -> 0 | C25: =C8-C23 -> 0

Sheet May
A1: May
A2: Excel template · Monthly budget · US dollar ($)
A4: Income | B4: Planned | C4: Actual | D4: Difference | F4: Date | G4: Description | H4: Category | I4: Amount
A5: =IF('Categories'!$A$5="","",'Categories'!$A$5) -> Salary | B5: ='Categories'!$C$5 -> 0 | C5: =IF($A5="",0,SUMIFS($I$5:$I$154,$H$5:$H$154,$A5)) -> 0 | D5: =C5-B5 -> 0
A6: =IF('Categories'!$A$6="","",'Categories'!$A$6) -> Side income | B6: ='Categories'!$C$6 -> 0 | C6: =IF($A6="",0,SUMIFS($I$5:$I$154,$H$5:$H$154,$A6)) -> 0 | D6: =C6-B6 -> 0
A7: =IF('Categories'!$A$7="","",'Categories'!$A$7) -> Other income | B7: ='Categories'!$C$7 -> 0 | C7: =IF($A7="",0,SUMIFS($I$5:$I$154,$H$5:$H$154,$A7)) -> 0 | D7: =C7-B7 -> 0
A8: Total income | B8: =SUM($B$5:$B$7) -> 0 | C8: =SUM($C$5:$C$7) -> 0 | D8: =SUM($D$5:$D$7) -> 0
A10: Expenses | B10: Planned | C10: Actual | D10: Difference
A11: =IF('Categories'!$A$8="","",'Categories'!$A$8) -> Housing | B11: ='Categories'!$C$8 -> 0 | C11: =IF($A11="",0,SUMIFS($I$5:$I$154,$H$5:$H$154,$A11)) -> 0 | D11: =B11-C11 -> 0
A12: =IF('Categories'!$A$9="","",'Categories'!$A$9) -> Utilities and internet | B12: ='Categories'!$C$9 -> 0 | C12: =IF($A12="",0,SUMIFS($I$5:$I$154,$H$5:$H$154,$A12)) -> 0 | D12: =B12-C12 -> 0
A13: =IF('Categories'!$A$10="","",'Categories'!$A$10) -> Groceries | B13: ='Categories'!$C$10 -> 0 | C13: =IF($A13="",0,SUMIFS($I$5:$I$154,$H$5:$H$154,$A13)) -> 0 | D13: =B13-C13 -> 0
A14: =IF('Categories'!$A$11="","",'Categories'!$A$11) -> Transport | B14: ='Categories'!$C$11 -> 0 | C14: =IF($A14="",0,SUMIFS($I$5:$I$154,$H$5:$H$154,$A14)) -> 0 | D14: =B14-C14 -> 0
A15: =IF('Categories'!$A$12="","",'Categories'!$A$12) -> Health | B15: ='Categories'!$C$12 -> 0 | C15: =IF($A15="",0,SUMIFS($I$5:$I$154,$H$5:$H$154,$A15)) -> 0 | D15: =B15-C15 -> 0
A16: =IF('Categories'!$A$13="","",'Categories'!$A$13) -> Insurance | B16: ='Categories'!$C$13 -> 0 | C16: =IF($A16="",0,SUMIFS($I$5:$I$154,$H$5:$H$154,$A16)) -> 0 | D16: =B16-C16 -> 0
A17: =IF('Categories'!$A$14="","",'Categories'!$A$14) -> Education | B17: ='Categories'!$C$14 -> 0 | C17: =IF($A17="",0,SUMIFS($I$5:$I$154,$H$5:$H$154,$A17)) -> 0 | D17: =B17-C17 -> 0
A18: =IF('Categories'!$A$15="","",'Categories'!$A$15) -> Eating out and fun | B18: ='Categories'!$C$15 -> 0 | C18: =IF($A18="",0,SUMIFS($I$5:$I$154,$H$5:$H$154,$A18)) -> 0 | D18: =B18-C18 -> 0
A19: =IF('Categories'!$A$16="","",'Categories'!$A$16) -> Clothing | B19: ='Categories'!$C$16 -> 0 | C19: =IF($A19="",0,SUMIFS($I$5:$I$154,$H$5:$H$154,$A19)) -> 0 | D19: =B19-C19 -> 0
A20: =IF('Categories'!$A$17="","",'Categories'!$A$17) -> Debt payments | B20: ='Categories'!$C$17 -> 0 | C20: =IF($A20="",0,SUMIFS($I$5:$I$154,$H$5:$H$154,$A20)) -> 0 | D20: =B20-C20 -> 0
A21: =IF('Categories'!$A$18="","",'Categories'!$A$18) -> Savings | B21: ='Categories'!$C$18 -> 0 | C21: =IF($A21="",0,SUMIFS($I$5:$I$154,$H$5:$H$154,$A21)) -> 0 | D21: =B21-C21 -> 0
A22: =IF('Categories'!$A$19="","",'Categories'!$A$19) -> Other | B22: ='Categories'!$C$19 -> 0 | C22: =IF($A22="",0,SUMIFS($I$5:$I$154,$H$5:$H$154,$A22)) -> 0 | D22: =B22-C22 -> 0
A23: Total expenses | B23: =SUM($B$11:$B$22) -> 0 | C23: =SUM($C$11:$C$22) -> 0 | D23: =SUM($D$11:$D$22) -> 0
A25: Balance | B25: =B8-B23 -> 0 | C25: =C8-C23 -> 0

Sheet June
A1: June
A2: Excel template · Monthly budget · US dollar ($)
A4: Income | B4: Planned | C4: Actual | D4: Difference | F4: Date | G4: Description | H4: Category | I4: Amount
A5: =IF('Categories'!$A$5="","",'Categories'!$A$5) -> Salary | B5: ='Categories'!$C$5 -> 0 | C5: =IF($A5="",0,SUMIFS($I$5:$I$154,$H$5:$H$154,$A5)) -> 0 | D5: =C5-B5 -> 0
A6: =IF('Categories'!$A$6="","",'Categories'!$A$6) -> Side income | B6: ='Categories'!$C$6 -> 0 | C6: =IF($A6="",0,SUMIFS($I$5:$I$154,$H$5:$H$154,$A6)) -> 0 | D6: =C6-B6 -> 0
A7: =IF('Categories'!$A$7="","",'Categories'!$A$7) -> Other income | B7: ='Categories'!$C$7 -> 0 | C7: =IF($A7="",0,SUMIFS($I$5:$I$154,$H$5:$H$154,$A7)) -> 0 | D7: =C7-B7 -> 0
A8: Total income | B8: =SUM($B$5:$B$7) -> 0 | C8: =SUM($C$5:$C$7) -> 0 | D8: =SUM($D$5:$D$7) -> 0
A10: Expenses | B10: Planned | C10: Actual | D10: Difference
A11: =IF('Categories'!$A$8="","",'Categories'!$A$8) -> Housing | B11: ='Categories'!$C$8 -> 0 | C11: =IF($A11="",0,SUMIFS($I$5:$I$154,$H$5:$H$154,$A11)) -> 0 | D11: =B11-C11 -> 0
A12: =IF('Categories'!$A$9="","",'Categories'!$A$9) -> Utilities and internet | B12: ='Categories'!$C$9 -> 0 | C12: =IF($A12="",0,SUMIFS($I$5:$I$154,$H$5:$H$154,$A12)) -> 0 | D12: =B12-C12 -> 0
A13: =IF('Categories'!$A$10="","",'Categories'!$A$10) -> Groceries | B13: ='Categories'!$C$10 -> 0 | C13: =IF($A13="",0,SUMIFS($I$5:$I$154,$H$5:$H$154,$A13)) -> 0 | D13: =B13-C13 -> 0
A14: =IF('Categories'!$A$11="","",'Categories'!$A$11) -> Transport | B14: ='Categories'!$C$11 -> 0 | C14: =IF($A14="",0,SUMIFS($I$5:$I$154,$H$5:$H$154,$A14)) -> 0 | D14: =B14-C14 -> 0
A15: =IF('Categories'!$A$12="","",'Categories'!$A$12) -> Health | B15: ='Categories'!$C$12 -> 0 | C15: =IF($A15="",0,SUMIFS($I$5:$I$154,$H$5:$H$154,$A15)) -> 0 | D15: =B15-C15 -> 0
A16: =IF('Categories'!$A$13="","",'Categories'!$A$13) -> Insurance | B16: ='Categories'!$C$13 -> 0 | C16: =IF($A16="",0,SUMIFS($I$5:$I$154,$H$5:$H$154,$A16)) -> 0 | D16: =B16-C16 -> 0
A17: =IF('Categories'!$A$14="","",'Categories'!$A$14) -> Education | B17: ='Categories'!$C$14 -> 0 | C17: =IF($A17="",0,SUMIFS($I$5:$I$154,$H$5:$H$154,$A17)) -> 0 | D17: =B17-C17 -> 0
A18: =IF('Categories'!$A$15="","",'Categories'!$A$15) -> Eating out and fun | B18: ='Categories'!$C$15 -> 0 | C18: =IF($A18="",0,SUMIFS($I$5:$I$154,$H$5:$H$154,$A18)) -> 0 | D18: =B18-C18 -> 0
A19: =IF('Categories'!$A$16="","",'Categories'!$A$16) -> Clothing | B19: ='Categories'!$C$16 -> 0 | C19: =IF($A19="",0,SUMIFS($I$5:$I$154,$H$5:$H$154,$A19)) -> 0 | D19: =B19-C19 -> 0
A20: =IF('Categories'!$A$17="","",'Categories'!$A$17) -> Debt payments | B20: ='Categories'!$C$17 -> 0 | C20: =IF($A20="",0,SUMIFS($I$5:$I$154,$H$5:$H$154,$A20)) -> 0 | D20: =B20-C20 -> 0
A21: =IF('Categories'!$A$18="","",'Categories'!$A$18) -> Savings | B21: ='Categories'!$C$18 -> 0 | C21: =IF($A21="",0,SUMIFS($I$5:$I$154,$H$5:$H$154,$A21)) -> 0 | D21: =B21-C21 -> 0
A22: =IF('Categories'!$A$19="","",'Categories'!$A$19) -> Other | B22: ='Categories'!$C$19 -> 0 | C22: =IF($A22="",0,SUMIFS($I$5:$I$154,$H$5:$H$154,$A22)) -> 0 | D22: =B22-C22 -> 0
A23: Total expenses | B23: =SUM($B$11:$B$22) -> 0 | C23: =SUM($C$11:$C$22) -> 0 | D23: =SUM($D$11:$D$22) -> 0
A25: Balance | B25: =B8-B23 -> 0 | C25: =C8-C23 -> 0

Sheet July
A1: July
A2: Excel template · Monthly budget · US dollar ($)
A4: Income | B4: Planned | C4: Actual | D4: Difference | F4: Date | G4: Description | H4: Category | I4: Amount
A5: =IF('Categories'!$A$5="","",'Categories'!$A$5) -> Salary | B5: ='Categories'!$C$5 -> 0 | C5: =IF($A5="",0,SUMIFS($I$5:$I$154,$H$5:$H$154,$A5)) -> 0 | D5: =C5-B5 -> 0
A6: =IF('Categories'!$A$6="","",'Categories'!$A$6) -> Side income | B6: ='Categories'!$C$6 -> 0 | C6: =IF($A6="",0,SUMIFS($I$5:$I$154,$H$5:$H$154,$A6)) -> 0 | D6: =C6-B6 -> 0
A7: =IF('Categories'!$A$7="","",'Categories'!$A$7) -> Other income | B7: ='Categories'!$C$7 -> 0 | C7: =IF($A7="",0,SUMIFS($I$5:$I$154,$H$5:$H$154,$A7)) -> 0 | D7: =C7-B7 -> 0
A8: Total income | B8: =SUM($B$5:$B$7) -> 0 | C8: =SUM($C$5:$C$7) -> 0 | D8: =SUM($D$5:$D$7) -> 0
A10: Expenses | B10: Planned | C10: Actual | D10: Difference
A11: =IF('Categories'!$A$8="","",'Categories'!$A$8) -> Housing | B11: ='Categories'!$C$8 -> 0 | C11: =IF($A11="",0,SUMIFS($I$5:$I$154,$H$5:$H$154,$A11)) -> 0 | D11: =B11-C11 -> 0
A12: =IF('Categories'!$A$9="","",'Categories'!$A$9) -> Utilities and internet | B12: ='Categories'!$C$9 -> 0 | C12: =IF($A12="",0,SUMIFS($I$5:$I$154,$H$5:$H$154,$A12)) -> 0 | D12: =B12-C12 -> 0
A13: =IF('Categories'!$A$10="","",'Categories'!$A$10) -> Groceries | B13: ='Categories'!$C$10 -> 0 | C13: =IF($A13="",0,SUMIFS($I$5:$I$154,$H$5:$H$154,$A13)) -> 0 | D13: =B13-C13 -> 0
A14: =IF('Categories'!$A$11="","",'Categories'!$A$11) -> Transport | B14: ='Categories'!$C$11 -> 0 | C14: =IF($A14="",0,SUMIFS($I$5:$I$154,$H$5:$H$154,$A14)) -> 0 | D14: =B14-C14 -> 0
A15: =IF('Categories'!$A$12="","",'Categories'!$A$12) -> Health | B15: ='Categories'!$C$12 -> 0 | C15: =IF($A15="",0,SUMIFS($I$5:$I$154,$H$5:$H$154,$A15)) -> 0 | D15: =B15-C15 -> 0
A16: =IF('Categories'!$A$13="","",'Categories'!$A$13) -> Insurance | B16: ='Categories'!$C$13 -> 0 | C16: =IF($A16="",0,SUMIFS($I$5:$I$154,$H$5:$H$154,$A16)) -> 0 | D16: =B16-C16 -> 0
A17: =IF('Categories'!$A$14="","",'Categories'!$A$14) -> Education | B17: ='Categories'!$C$14 -> 0 | C17: =IF($A17="",0,SUMIFS($I$5:$I$154,$H$5:$H$154,$A17)) -> 0 | D17: =B17-C17 -> 0
A18: =IF('Categories'!$A$15="","",'Categories'!$A$15) -> Eating out and fun | B18: ='Categories'!$C$15 -> 0 | C18: =IF($A18="",0,SUMIFS($I$5:$I$154,$H$5:$H$154,$A18)) -> 0 | D18: =B18-C18 -> 0
A19: =IF('Categories'!$A$16="","",'Categories'!$A$16) -> Clothing | B19: ='Categories'!$C$16 -> 0 | C19: =IF($A19="",0,SUMIFS($I$5:$I$154,$H$5:$H$154,$A19)) -> 0 | D19: =B19-C19 -> 0
A20: =IF('Categories'!$A$17="","",'Categories'!$A$17) -> Debt payments | B20: ='Categories'!$C$17 -> 0 | C20: =IF($A20="",0,SUMIFS($I$5:$I$154,$H$5:$H$154,$A20)) -> 0 | D20: =B20-C20 -> 0
A21: =IF('Categories'!$A$18="","",'Categories'!$A$18) -> Savings | B21: ='Categories'!$C$18 -> 0 | C21: =IF($A21="",0,SUMIFS($I$5:$I$154,$H$5:$H$154,$A21)) -> 0 | D21: =B21-C21 -> 0
A22: =IF('Categories'!$A$19="","",'Categories'!$A$19) -> Other | B22: ='Categories'!$C$19 -> 0 | C22: =IF($A22="",0,SUMIFS($I$5:$I$154,$H$5:$H$154,$A22)) -> 0 | D22: =B22-C22 -> 0
A23: Total expenses | B23: =SUM($B$11:$B$22) -> 0 | C23: =SUM($C$11:$C$22) -> 0 | D23: =SUM($D$11:$D$22) -> 0
A25: Balance | B25: =B8-B23 -> 0 | C25: =C8-C23 -> 0

Sheet August
A1: August
A2: Excel template · Monthly budget · US dollar ($)
A4: Income | B4: Planned | C4: Actual | D4: Difference | F4: Date | G4: Description | H4: Category | I4: Amount
A5: =IF('Categories'!$A$5="","",'Categories'!$A$5) -> Salary | B5: ='Categories'!$C$5 -> 0 | C5: =IF($A5="",0,SUMIFS($I$5:$I$154,$H$5:$H$154,$A5)) -> 0 | D5: =C5-B5 -> 0
A6: =IF('Categories'!$A$6="","",'Categories'!$A$6) -> Side income | B6: ='Categories'!$C$6 -> 0 | C6: =IF($A6="",0,SUMIFS($I$5:$I$154,$H$5:$H$154,$A6)) -> 0 | D6: =C6-B6 -> 0
A7: =IF('Categories'!$A$7="","",'Categories'!$A$7) -> Other income | B7: ='Categories'!$C$7 -> 0 | C7: =IF($A7="",0,SUMIFS($I$5:$I$154,$H$5:$H$154,$A7)) -> 0 | D7: =C7-B7 -> 0
A8: Total income | B8: =SUM($B$5:$B$7) -> 0 | C8: =SUM($C$5:$C$7) -> 0 | D8: =SUM($D$5:$D$7) -> 0
A10: Expenses | B10: Planned | C10: Actual | D10: Difference
A11: =IF('Categories'!$A$8="","",'Categories'!$A$8) -> Housing | B11: ='Categories'!$C$8 -> 0 | C11: =IF($A11="",0,SUMIFS($I$5:$I$154,$H$5:$H$154,$A11)) -> 0 | D11: =B11-C11 -> 0
A12: =IF('Categories'!$A$9="","",'Categories'!$A$9) -> Utilities and internet | B12: ='Categories'!$C$9 -> 0 | C12: =IF($A12="",0,SUMIFS($I$5:$I$154,$H$5:$H$154,$A12)) -> 0 | D12: =B12-C12 -> 0
A13: =IF('Categories'!$A$10="","",'Categories'!$A$10) -> Groceries | B13: ='Categories'!$C$10 -> 0 | C13: =IF($A13="",0,SUMIFS($I$5:$I$154,$H$5:$H$154,$A13)) -> 0 | D13: =B13-C13 -> 0
A14: =IF('Categories'!$A$11="","",'Categories'!$A$11) -> Transport | B14: ='Categories'!$C$11 -> 0 | C14: =IF($A14="",0,SUMIFS($I$5:$I$154,$H$5:$H$154,$A14)) -> 0 | D14: =B14-C14 -> 0
A15: =IF('Categories'!$A$12="","",'Categories'!$A$12) -> Health | B15: ='Categories'!$C$12 -> 0 | C15: =IF($A15="",0,SUMIFS($I$5:$I$154,$H$5:$H$154,$A15)) -> 0 | D15: =B15-C15 -> 0
A16: =IF('Categories'!$A$13="","",'Categories'!$A$13) -> Insurance | B16: ='Categories'!$C$13 -> 0 | C16: =IF($A16="",0,SUMIFS($I$5:$I$154,$H$5:$H$154,$A16)) -> 0 | D16: =B16-C16 -> 0
A17: =IF('Categories'!$A$14="","",'Categories'!$A$14) -> Education | B17: ='Categories'!$C$14 -> 0 | C17: =IF($A17="",0,SUMIFS($I$5:$I$154,$H$5:$H$154,$A17)) -> 0 | D17: =B17-C17 -> 0
A18: =IF('Categories'!$A$15="","",'Categories'!$A$15) -> Eating out and fun | B18: ='Categories'!$C$15 -> 0 | C18: =IF($A18="",0,SUMIFS($I$5:$I$154,$H$5:$H$154,$A18)) -> 0 | D18: =B18-C18 -> 0
A19: =IF('Categories'!$A$16="","",'Categories'!$A$16) -> Clothing | B19: ='Categories'!$C$16 -> 0 | C19: =IF($A19="",0,SUMIFS($I$5:$I$154,$H$5:$H$154,$A19)) -> 0 | D19: =B19-C19 -> 0
A20: =IF('Categories'!$A$17="","",'Categories'!$A$17) -> Debt payments | B20: ='Categories'!$C$17 -> 0 | C20: =IF($A20="",0,SUMIFS($I$5:$I$154,$H$5:$H$154,$A20)) -> 0 | D20: =B20-C20 -> 0
A21: =IF('Categories'!$A$18="","",'Categories'!$A$18) -> Savings | B21: ='Categories'!$C$18 -> 0 | C21: =IF($A21="",0,SUMIFS($I$5:$I$154,$H$5:$H$154,$A21)) -> 0 | D21: =B21-C21 -> 0
A22: =IF('Categories'!$A$19="","",'Categories'!$A$19) -> Other | B22: ='Categories'!$C$19 -> 0 | C22: =IF($A22="",0,SUMIFS($I$5:$I$154,$H$5:$H$154,$A22)) -> 0 | D22: =B22-C22 -> 0
A23: Total expenses | B23: =SUM($B$11:$B$22) -> 0 | C23: =SUM($C$11:$C$22) -> 0 | D23: =SUM($D$11:$D$22) -> 0
A25: Balance | B25: =B8-B23 -> 0 | C25: =C8-C23 -> 0

Sheet September
A1: September
A2: Excel template · Monthly budget · US dollar ($)
A4: Income | B4: Planned | C4: Actual | D4: Difference | F4: Date | G4: Description | H4: Category | I4: Amount
A5: =IF('Categories'!$A$5="","",'Categories'!$A$5) -> Salary | B5: ='Categories'!$C$5 -> 0 | C5: =IF($A5="",0,SUMIFS($I$5:$I$154,$H$5:$H$154,$A5)) -> 0 | D5: =C5-B5 -> 0
A6: =IF('Categories'!$A$6="","",'Categories'!$A$6) -> Side income | B6: ='Categories'!$C$6 -> 0 | C6: =IF($A6="",0,SUMIFS($I$5:$I$154,$H$5:$H$154,$A6)) -> 0 | D6: =C6-B6 -> 0
A7: =IF('Categories'!$A$7="","",'Categories'!$A$7) -> Other income | B7: ='Categories'!$C$7 -> 0 | C7: =IF($A7="",0,SUMIFS($I$5:$I$154,$H$5:$H$154,$A7)) -> 0 | D7: =C7-B7 -> 0
A8: Total income | B8: =SUM($B$5:$B$7) -> 0 | C8: =SUM($C$5:$C$7) -> 0 | D8: =SUM($D$5:$D$7) -> 0
A10: Expenses | B10: Planned | C10: Actual | D10: Difference
A11: =IF('Categories'!$A$8="","",'Categories'!$A$8) -> Housing | B11: ='Categories'!$C$8 -> 0 | C11: =IF($A11="",0,SUMIFS($I$5:$I$154,$H$5:$H$154,$A11)) -> 0 | D11: =B11-C11 -> 0
A12: =IF('Categories'!$A$9="","",'Categories'!$A$9) -> Utilities and internet | B12: ='Categories'!$C$9 -> 0 | C12: =IF($A12="",0,SUMIFS($I$5:$I$154,$H$5:$H$154,$A12)) -> 0 | D12: =B12-C12 -> 0
A13: =IF('Categories'!$A$10="","",'Categories'!$A$10) -> Groceries | B13: ='Categories'!$C$10 -> 0 | C13: =IF($A13="",0,SUMIFS($I$5:$I$154,$H$5:$H$154,$A13)) -> 0 | D13: =B13-C13 -> 0
A14: =IF('Categories'!$A$11="","",'Categories'!$A$11) -> Transport | B14: ='Categories'!$C$11 -> 0 | C14: =IF($A14="",0,SUMIFS($I$5:$I$154,$H$5:$H$154,$A14)) -> 0 | D14: =B14-C14 -> 0
A15: =IF('Categories'!$A$12="","",'Categories'!$A$12) -> Health | B15: ='Categories'!$C$12 -> 0 | C15: =IF($A15="",0,SUMIFS($I$5:$I$154,$H$5:$H$154,$A15)) -> 0 | D15: =B15-C15 -> 0
A16: =IF('Categories'!$A$13="","",'Categories'!$A$13) -> Insurance | B16: ='Categories'!$C$13 -> 0 | C16: =IF($A16="",0,SUMIFS($I$5:$I$154,$H$5:$H$154,$A16)) -> 0 | D16: =B16-C16 -> 0
A17: =IF('Categories'!$A$14="","",'Categories'!$A$14) -> Education | B17: ='Categories'!$C$14 -> 0 | C17: =IF($A17="",0,SUMIFS($I$5:$I$154,$H$5:$H$154,$A17)) -> 0 | D17: =B17-C17 -> 0
A18: =IF('Categories'!$A$15="","",'Categories'!$A$15) -> Eating out and fun | B18: ='Categories'!$C$15 -> 0 | C18: =IF($A18="",0,SUMIFS($I$5:$I$154,$H$5:$H$154,$A18)) -> 0 | D18: =B18-C18 -> 0
A19: =IF('Categories'!$A$16="","",'Categories'!$A$16) -> Clothing | B19: ='Categories'!$C$16 -> 0 | C19: =IF($A19="",0,SUMIFS($I$5:$I$154,$H$5:$H$154,$A19)) -> 0 | D19: =B19-C19 -> 0
A20: =IF('Categories'!$A$17="","",'Categories'!$A$17) -> Debt payments | B20: ='Categories'!$C$17 -> 0 | C20: =IF($A20="",0,SUMIFS($I$5:$I$154,$H$5:$H$154,$A20)) -> 0 | D20: =B20-C20 -> 0
A21: =IF('Categories'!$A$18="","",'Categories'!$A$18) -> Savings | B21: ='Categories'!$C$18 -> 0 | C21: =IF($A21="",0,SUMIFS($I$5:$I$154,$H$5:$H$154,$A21)) -> 0 | D21: =B21-C21 -> 0
A22: =IF('Categories'!$A$19="","",'Categories'!$A$19) -> Other | B22: ='Categories'!$C$19 -> 0 | C22: =IF($A22="",0,SUMIFS($I$5:$I$154,$H$5:$H$154,$A22)) -> 0 | D22: =B22-C22 -> 0
A23: Total expenses | B23: =SUM($B$11:$B$22) -> 0 | C23: =SUM($C$11:$C$22) -> 0 | D23: =SUM($D$11:$D$22) -> 0
A25: Balance | B25: =B8-B23 -> 0 | C25: =C8-C23 -> 0

Sheet October
A1: October
A2: Excel template · Monthly budget · US dollar ($)
A4: Income | B4: Planned | C4: Actual | D4: Difference | F4: Date | G4: Description | H4: Category | I4: Amount
A5: =IF('Categories'!$A$5="","",'Categories'!$A$5) -> Salary | B5: ='Categories'!$C$5 -> 0 | C5: =IF($A5="",0,SUMIFS($I$5:$I$154,$H$5:$H$154,$A5)) -> 0 | D5: =C5-B5 -> 0
A6: =IF('Categories'!$A$6="","",'Categories'!$A$6) -> Side income | B6: ='Categories'!$C$6 -> 0 | C6: =IF($A6="",0,SUMIFS($I$5:$I$154,$H$5:$H$154,$A6)) -> 0 | D6: =C6-B6 -> 0
A7: =IF('Categories'!$A$7="","",'Categories'!$A$7) -> Other income | B7: ='Categories'!$C$7 -> 0 | C7: =IF($A7="",0,SUMIFS($I$5:$I$154,$H$5:$H$154,$A7)) -> 0 | D7: =C7-B7 -> 0
A8: Total income | B8: =SUM($B$5:$B$7) -> 0 | C8: =SUM($C$5:$C$7) -> 0 | D8: =SUM($D$5:$D$7) -> 0
A10: Expenses | B10: Planned | C10: Actual | D10: Difference
A11: =IF('Categories'!$A$8="","",'Categories'!$A$8) -> Housing | B11: ='Categories'!$C$8 -> 0 | C11: =IF($A11="",0,SUMIFS($I$5:$I$154,$H$5:$H$154,$A11)) -> 0 | D11: =B11-C11 -> 0
A12: =IF('Categories'!$A$9="","",'Categories'!$A$9) -> Utilities and internet | B12: ='Categories'!$C$9 -> 0 | C12: =IF($A12="",0,SUMIFS($I$5:$I$154,$H$5:$H$154,$A12)) -> 0 | D12: =B12-C12 -> 0
A13: =IF('Categories'!$A$10="","",'Categories'!$A$10) -> Groceries | B13: ='Categories'!$C$10 -> 0 | C13: =IF($A13="",0,SUMIFS($I$5:$I$154,$H$5:$H$154,$A13)) -> 0 | D13: =B13-C13 -> 0
A14: =IF('Categories'!$A$11="","",'Categories'!$A$11) -> Transport | B14: ='Categories'!$C$11 -> 0 | C14: =IF($A14="",0,SUMIFS($I$5:$I$154,$H$5:$H$154,$A14)) -> 0 | D14: =B14-C14 -> 0
A15: =IF('Categories'!$A$12="","",'Categories'!$A$12) -> Health | B15: ='Categories'!$C$12 -> 0 | C15: =IF($A15="",0,SUMIFS($I$5:$I$154,$H$5:$H$154,$A15)) -> 0 | D15: =B15-C15 -> 0
A16: =IF('Categories'!$A$13="","",'Categories'!$A$13) -> Insurance | B16: ='Categories'!$C$13 -> 0 | C16: =IF($A16="",0,SUMIFS($I$5:$I$154,$H$5:$H$154,$A16)) -> 0 | D16: =B16-C16 -> 0
A17: =IF('Categories'!$A$14="","",'Categories'!$A$14) -> Education | B17: ='Categories'!$C$14 -> 0 | C17: =IF($A17="",0,SUMIFS($I$5:$I$154,$H$5:$H$154,$A17)) -> 0 | D17: =B17-C17 -> 0
A18: =IF('Categories'!$A$15="","",'Categories'!$A$15) -> Eating out and fun | B18: ='Categories'!$C$15 -> 0 | C18: =IF($A18="",0,SUMIFS($I$5:$I$154,$H$5:$H$154,$A18)) -> 0 | D18: =B18-C18 -> 0
A19: =IF('Categories'!$A$16="","",'Categories'!$A$16) -> Clothing | B19: ='Categories'!$C$16 -> 0 | C19: =IF($A19="",0,SUMIFS($I$5:$I$154,$H$5:$H$154,$A19)) -> 0 | D19: =B19-C19 -> 0
A20: =IF('Categories'!$A$17="","",'Categories'!$A$17) -> Debt payments | B20: ='Categories'!$C$17 -> 0 | C20: =IF($A20="",0,SUMIFS($I$5:$I$154,$H$5:$H$154,$A20)) -> 0 | D20: =B20-C20 -> 0
A21: =IF('Categories'!$A$18="","",'Categories'!$A$18) -> Savings | B21: ='Categories'!$C$18 -> 0 | C21: =IF($A21="",0,SUMIFS($I$5:$I$154,$H$5:$H$154,$A21)) -> 0 | D21: =B21-C21 -> 0
A22: =IF('Categories'!$A$19="","",'Categories'!$A$19) -> Other | B22: ='Categories'!$C$19 -> 0 | C22: =IF($A22="",0,SUMIFS($I$5:$I$154,$H$5:$H$154,$A22)) -> 0 | D22: =B22-C22 -> 0
A23: Total expenses | B23: =SUM($B$11:$B$22) -> 0 | C23: =SUM($C$11:$C$22) -> 0 | D23: =SUM($D$11:$D$22) -> 0
A25: Balance | B25: =B8-B23 -> 0 | C25: =C8-C23 -> 0

Sheet November
A1: November
A2: Excel template · Monthly budget · US dollar ($)
A4: Income | B4: Planned | C4: Actual | D4: Difference | F4: Date | G4: Description | H4: Category | I4: Amount
A5: =IF('Categories'!$A$5="","",'Categories'!$A$5) -> Salary | B5: ='Categories'!$C$5 -> 0 | C5: =IF($A5="",0,SUMIFS($I$5:$I$154,$H$5:$H$154,$A5)) -> 0 | D5: =C5-B5 -> 0
A6: =IF('Categories'!$A$6="","",'Categories'!$A$6) -> Side income | B6: ='Categories'!$C$6 -> 0 | C6: =IF($A6="",0,SUMIFS($I$5:$I$154,$H$5:$H$154,$A6)) -> 0 | D6: =C6-B6 -> 0
A7: =IF('Categories'!$A$7="","",'Categories'!$A$7) -> Other income | B7: ='Categories'!$C$7 -> 0 | C7: =IF($A7="",0,SUMIFS($I$5:$I$154,$H$5:$H$154,$A7)) -> 0 | D7: =C7-B7 -> 0
A8: Total income | B8: =SUM($B$5:$B$7) -> 0 | C8: =SUM($C$5:$C$7) -> 0 | D8: =SUM($D$5:$D$7) -> 0
A10: Expenses | B10: Planned | C10: Actual | D10: Difference
A11: =IF('Categories'!$A$8="","",'Categories'!$A$8) -> Housing | B11: ='Categories'!$C$8 -> 0 | C11: =IF($A11="",0,SUMIFS($I$5:$I$154,$H$5:$H$154,$A11)) -> 0 | D11: =B11-C11 -> 0
A12: =IF('Categories'!$A$9="","",'Categories'!$A$9) -> Utilities and internet | B12: ='Categories'!$C$9 -> 0 | C12: =IF($A12="",0,SUMIFS($I$5:$I$154,$H$5:$H$154,$A12)) -> 0 | D12: =B12-C12 -> 0
A13: =IF('Categories'!$A$10="","",'Categories'!$A$10) -> Groceries | B13: ='Categories'!$C$10 -> 0 | C13: =IF($A13="",0,SUMIFS($I$5:$I$154,$H$5:$H$154,$A13)) -> 0 | D13: =B13-C13 -> 0
A14: =IF('Categories'!$A$11="","",'Categories'!$A$11) -> Transport | B14: ='Categories'!$C$11 -> 0 | C14: =IF($A14="",0,SUMIFS($I$5:$I$154,$H$5:$H$154,$A14)) -> 0 | D14: =B14-C14 -> 0
A15: =IF('Categories'!$A$12="","",'Categories'!$A$12) -> Health | B15: ='Categories'!$C$12 -> 0 | C15: =IF($A15="",0,SUMIFS($I$5:$I$154,$H$5:$H$154,$A15)) -> 0 | D15: =B15-C15 -> 0
A16: =IF('Categories'!$A$13="","",'Categories'!$A$13) -> Insurance | B16: ='Categories'!$C$13 -> 0 | C16: =IF($A16="",0,SUMIFS($I$5:$I$154,$H$5:$H$154,$A16)) -> 0 | D16: =B16-C16 -> 0
A17: =IF('Categories'!$A$14="","",'Categories'!$A$14) -> Education | B17: ='Categories'!$C$14 -> 0 | C17: =IF($A17="",0,SUMIFS($I$5:$I$154,$H$5:$H$154,$A17)) -> 0 | D17: =B17-C17 -> 0
A18: =IF('Categories'!$A$15="","",'Categories'!$A$15) -> Eating out and fun | B18: ='Categories'!$C$15 -> 0 | C18: =IF($A18="",0,SUMIFS($I$5:$I$154,$H$5:$H$154,$A18)) -> 0 | D18: =B18-C18 -> 0
A19: =IF('Categories'!$A$16="","",'Categories'!$A$16) -> Clothing | B19: ='Categories'!$C$16 -> 0 | C19: =IF($A19="",0,SUMIFS($I$5:$I$154,$H$5:$H$154,$A19)) -> 0 | D19: =B19-C19 -> 0
A20: =IF('Categories'!$A$17="","",'Categories'!$A$17) -> Debt payments | B20: ='Categories'!$C$17 -> 0 | C20: =IF($A20="",0,SUMIFS($I$5:$I$154,$H$5:$H$154,$A20)) -> 0 | D20: =B20-C20 -> 0
A21: =IF('Categories'!$A$18="","",'Categories'!$A$18) -> Savings | B21: ='Categories'!$C$18 -> 0 | C21: =IF($A21="",0,SUMIFS($I$5:$I$154,$H$5:$H$154,$A21)) -> 0 | D21: =B21-C21 -> 0
A22: =IF('Categories'!$A$19="","",'Categories'!$A$19) -> Other | B22: ='Categories'!$C$19 -> 0 | C22: =IF($A22="",0,SUMIFS($I$5:$I$154,$H$5:$H$154,$A22)) -> 0 | D22: =B22-C22 -> 0
A23: Total expenses | B23: =SUM($B$11:$B$22) -> 0 | C23: =SUM($C$11:$C$22) -> 0 | D23: =SUM($D$11:$D$22) -> 0
A25: Balance | B25: =B8-B23 -> 0 | C25: =C8-C23 -> 0

Sheet December
A1: December
A2: Excel template · Monthly budget · US dollar ($)
A4: Income | B4: Planned | C4: Actual | D4: Difference | F4: Date | G4: Description | H4: Category | I4: Amount
A5: =IF('Categories'!$A$5="","",'Categories'!$A$5) -> Salary | B5: ='Categories'!$C$5 -> 0 | C5: =IF($A5="",0,SUMIFS($I$5:$I$154,$H$5:$H$154,$A5)) -> 0 | D5: =C5-B5 -> 0
A6: =IF('Categories'!$A$6="","",'Categories'!$A$6) -> Side income | B6: ='Categories'!$C$6 -> 0 | C6: =IF($A6="",0,SUMIFS($I$5:$I$154,$H$5:$H$154,$A6)) -> 0 | D6: =C6-B6 -> 0
A7: =IF('Categories'!$A$7="","",'Categories'!$A$7) -> Other income | B7: ='Categories'!$C$7 -> 0 | C7: =IF($A7="",0,SUMIFS($I$5:$I$154,$H$5:$H$154,$A7)) -> 0 | D7: =C7-B7 -> 0
A8: Total income | B8: =SUM($B$5:$B$7) -> 0 | C8: =SUM($C$5:$C$7) -> 0 | D8: =SUM($D$5:$D$7) -> 0
A10: Expenses | B10: Planned | C10: Actual | D10: Difference
A11: =IF('Categories'!$A$8="","",'Categories'!$A$8) -> Housing | B11: ='Categories'!$C$8 -> 0 | C11: =IF($A11="",0,SUMIFS($I$5:$I$154,$H$5:$H$154,$A11)) -> 0 | D11: =B11-C11 -> 0
A12: =IF('Categories'!$A$9="","",'Categories'!$A$9) -> Utilities and internet | B12: ='Categories'!$C$9 -> 0 | C12: =IF($A12="",0,SUMIFS($I$5:$I$154,$H$5:$H$154,$A12)) -> 0 | D12: =B12-C12 -> 0
A13: =IF('Categories'!$A$10="","",'Categories'!$A$10) -> Groceries | B13: ='Categories'!$C$10 -> 0 | C13: =IF($A13="",0,SUMIFS($I$5:$I$154,$H$5:$H$154,$A13)) -> 0 | D13: =B13-C13 -> 0
A14: =IF('Categories'!$A$11="","",'Categories'!$A$11) -> Transport | B14: ='Categories'!$C$11 -> 0 | C14: =IF($A14="",0,SUMIFS($I$5:$I$154,$H$5:$H$154,$A14)) -> 0 | D14: =B14-C14 -> 0
A15: =IF('Categories'!$A$12="","",'Categories'!$A$12) -> Health | B15: ='Categories'!$C$12 -> 0 | C15: =IF($A15="",0,SUMIFS($I$5:$I$154,$H$5:$H$154,$A15)) -> 0 | D15: =B15-C15 -> 0
A16: =IF('Categories'!$A$13="","",'Categories'!$A$13) -> Insurance | B16: ='Categories'!$C$13 -> 0 | C16: =IF($A16="",0,SUMIFS($I$5:$I$154,$H$5:$H$154,$A16)) -> 0 | D16: =B16-C16 -> 0
A17: =IF('Categories'!$A$14="","",'Categories'!$A$14) -> Education | B17: ='Categories'!$C$14 -> 0 | C17: =IF($A17="",0,SUMIFS($I$5:$I$154,$H$5:$H$154,$A17)) -> 0 | D17: =B17-C17 -> 0
A18: =IF('Categories'!$A$15="","",'Categories'!$A$15) -> Eating out and fun | B18: ='Categories'!$C$15 -> 0 | C18: =IF($A18="",0,SUMIFS($I$5:$I$154,$H$5:$H$154,$A18)) -> 0 | D18: =B18-C18 -> 0
A19: =IF('Categories'!$A$16="","",'Categories'!$A$16) -> Clothing | B19: ='Categories'!$C$16 -> 0 | C19: =IF($A19="",0,SUMIFS($I$5:$I$154,$H$5:$H$154,$A19)) -> 0 | D19: =B19-C19 -> 0
A20: =IF('Categories'!$A$17="","",'Categories'!$A$17) -> Debt payments | B20: ='Categories'!$C$17 -> 0 | C20: =IF($A20="",0,SUMIFS($I$5:$I$154,$H$5:$H$154,$A20)) -> 0 | D20: =B20-C20 -> 0
A21: =IF('Categories'!$A$18="","",'Categories'!$A$18) -> Savings | B21: ='Categories'!$C$18 -> 0 | C21: =IF($A21="",0,SUMIFS($I$5:$I$154,$H$5:$H$154,$A21)) -> 0 | D21: =B21-C21 -> 0
A22: =IF('Categories'!$A$19="","",'Categories'!$A$19) -> Other | B22: ='Categories'!$C$19 -> 0 | C22: =IF($A22="",0,SUMIFS($I$5:$I$154,$H$5:$H$154,$A22)) -> 0 | D22: =B22-C22 -> 0
A23: Total expenses | B23: =SUM($B$11:$B$22) -> 0 | C23: =SUM($C$11:$C$22) -> 0 | D23: =SUM($D$11:$D$22) -> 0
A25: Balance | B25: =B8-B23 -> 0 | C25: =C8-C23 -> 0
